 Dungeon Crawl Stone Soup version 0.24.0-37-gcf1ca852f1 (webtiles) character file.

Game seed: 9008003961243852221, levelgen mode: deterministic

61 H0rd4k the Charlatan (level 4, -3/48 HPs)
             Began as a Human Artificer on Dec 6, 2019.
             Slain by Sigmund
             ... wielding a +2 vampiric scythe
              (12 damage)
             ... on level 2 of the Dungeon.
             The game lasted 00:02:26 (1559 turns).

H0rd4k the Charlatan (Human Artificer)              Turns: 1559, Time: 00:02:27

Health: -3/48      AC:  3    Str: 19    XL:     4   Next: 27%
Magic:  6/6        EV: 12    Int: 11    God:
Gold:   49         SH:  0    Dex: 13    Spells: 3/3 levels left

rFire    . . .     SeeInvis .   g - +2 dagger (venom)
rCold    . . .     Gourm    .   (no shield)
rNeg     . . .     Faith    .   b - +0 leather armour
rPois    .         Spirit   .   (no helmet)
rElec    .         Reflect  .   (no cloak)
rCorr    .         Harm     .   (no gloves)
MR       .....                  (no boots)
Stlth    ..........             (no amulet)
HPRegen  0.16/turn              (no ring)
MPRegen  0.10/turn              (no ring)

@: berserking, very quick
A: no striking features
a: no special abilities


You were on level 2 of the Dungeon.
You were not hungry.

You visited 1 branch of the dungeon, and saw 2 of its levels.

You collected 49 gold pieces.

Inventory:

Hand Weapons
 a - a +1 short sword
 g - a +2 dagger of venom (weapon)
Armour
 b - a +0 leather armour (worn)
Wands
 c - a wand of flame (8)
 d - a wand of enslavement (15)
 e - a wand of random effects (15)
Scrolls
 j - 2 scrolls of identify
Potions
 i - a potion of magic {unknown}
Comestibles
 f - 4 rations
 h - a chunk of flesh


   Skills:
 + Level 1.3 Fighting
 + Level 2.0 Short Blades
 + Level 1.2 Armour
 + Level 2.5 Dodging
 + Level 1.3 Stealth
 + Level 3.4 Evocations


You had 3 spell levels left.
You didn't know any spells.
Your spell library was empty.

Dungeon Overview and Level Annotations

Branches:
Dungeon (2/15)

Altars:
Ru
Sif Muna
Trog

Annotations:
D:2 Sigmund


Message History

You hit Sigmund but do no damage. Sigmund completely misses you.
You hit Sigmund but do no damage.
Sigmund is poisoned.
Sigmund hits you but does no damage.
You hit Sigmund.
Sigmund looks as sick as possible!
Sigmund is lightly wounded.
You hit Sigmund.
Sigmund looks as sick as possible!
Sigmund is lightly wounded.
Sigmund hits you with a +2 vampiric scythe!
Sigmund draws strength from your wounds!
You closely miss Sigmund.
Sigmund is lightly wounded.
A red film seems to cover your vision as you go berserk!
You feel yourself moving faster!
You feel mighty!
Sigmund points at you and mumbles some strange words.
The puff of flame hits you!
* * * LOW HITPOINT WARNING * * *
You hit Sigmund.
Sigmund looks as sick as possible!
Sigmund is heavily wounded.
Sigmund hits you with a +2 vampiric scythe!
You die...

##.####.#.## .. #.#
#.#.# #. ## #.# #.#.#
. .#.#.#. #.#
#.#.#####.## .......
#.. #>....(....#
##.#.#. #.#
#.########.# ## ##.
#.# ###.### .. #.# #.#
#..@..# ### #.# #.#
####.#@#.##### . #.#
#.# #............. #
#.###.###..#.#.#.#####
# #.##.......#.....#
#.#<..####.#.#.###
#......# #.....#
#.#...## ###.###
#†##.## ###.### #.##.#
#.....# .


You could see Sigmund.

Vanquished Creatures
  2 adders (D:2)
  An ooze (D:2)
  2 dart slugs
  2 leopard geckos (D:1)
  4 bats
  3 giant cockroaches (D:1)
  3 goblins (D:1)
  3 hobgoblins (D:1)
  3 jackals (D:1)
  4 frilled lizards (D:1)
  5 kobolds
  2 rats (D:2)
34 creatures vanquished.

Notes
Turn   | Place    | Note
-------+----------+-------------------------------------------
     0 | D:1      | H0rd4k the Human Artificer began the quest for the Orb.
     0 | D:1      | Reached XP level 1. HP: 15/15 MP: 3/3
   131 | D:1      | Reached XP level 2. HP: 18/21 MP: 4/4
   535 | D:1      | Reached XP level 3. HP: 7/26 MP: 5/5
  1231 | D:2      | Found a bloodstained altar of Trog.
  1243 | D:2      | Reached skill level 1 in Armour
  1341 | D:2      | Found a sacrificial altar of Ru.
  1373 | D:2      | Found a shimmering blue altar of Sif Muna.
  1421 | D:2      | Reached XP level 4. HP: 21/32 MP: 6/6
  1546 | D:2      | Noticed Sigmund
  1559 | D:2      | Slain by Sigmund

Levels and vault maps discovered:
D:1:      evilmike_arrival_hilbert_curve, layout_basic, hex_large
D:2:      layout_loops_ring, old_standard_altar, nicolae_overflow_crystal_walls,
          serial_bayou_pond_d, nicolae_ru_sacrificial_ziggurat, uniq_sigmund

Skill      XL: |  1  2  3  4 |
---------------+-------------+-----
Armour         | 1 |  1.2
Short Blades   | 2 |  2.0
Fighting       | |  1.3
Dodging        | |  2.5
Stealth        | |  1.3
Evocations     | |  3.4

Action                   |  1- 3 |  4- 6 || total
-------------------------+-------+-------++-------
Melee: Short sword       |   141 |       ||   141
       Dagger            |       |    12 ||    12
Evoke: Wand              |     5 |     2 ||     7
  Use: Scroll            |     5 |     3 ||     8
       Potion            |       |     1 ||     1
 Stab: Sleeping          |     3 |       ||     3
  Eat: Chunk             |     1 |     1 ||     2
Armor: Leather armour    |    47 |       ||    47
Dodge: Dodged            |   113 |     4 ||   117
